 Dungeon Crawl Stone Soup version 0.27.1-2-g3b301248ec (webtiles) character file.

Game seed: 11802312703255536015

127 Kinoniko the Chopper (level 5, -1/45 HPs)
             Began as a Hill Orc Fighter on Oct 1, 2021.
             Slain by an orc (7 damage)
             ... on level 3 of the Dungeon.
             The game lasted 00:01:47 (2674 turns).

Kinoniko the Chopper (Hill Orc Fighter)             Turns: 2674, Time: 00:01:47

Health: -1/45      AC:  6    Str: 20    XL:     5   Next: 11%
Magic:  5/5        EV:  7    Int:  8    God:
Gold:   73         SH:  9    Dex: 10    Spells: 4/4 levels left

rFire    . . .     SeeInvis .   a - +0 war axe
rCold    . . .     Faith    .   c - +0 kite shield
rNeg     . . .     Spirit   .   b - +0 scale mail
rPois    .         Reflect  .   (no helmet)
rElec    .         Harm     .   (no cloak)
rCorr    .         Rampage  .   (no gloves)
Will     .....                  (no boots)
Stlth    ..........             (no amulet)
HPRegen  0.15/turn              (no ring)
MPRegen  0.09/turn              (no ring)

@: mighty
A: no striking features
a: no special abilities


You were on level 3 of the Dungeon.
You visited 1 branch of the dungeon, and saw 3 of its levels.

You collected 73 gold pieces.

Inventory:

Hand Weapons
 a - a +0 war axe (weapon)
Armour
 b - a +0 scale mail (worn)
 c - a +0 kite shield (worn)
Scrolls
 e - a scroll of blinking {unknown}
 f - a scroll of enchant armour {unknown}
 i - 2 scrolls of identify {unknown}
 l - a scroll of amnesia {unknown}
 m - a scroll of fear {unknown}
Potions
 g - 2 potions of attraction {unknown}
 h - a potion of mutation {unknown}
 j - a potion of brilliance {unknown}
 k - a potion of heal wounds {unknown}
 n - a potion of flight {unknown}


   Skills:
 - Level 3.6 Fighting
 * Level 5.8 Axes
 - Level 3.2 Armour
 + Level 4.4 Shields


You had 4 spell levels left.
You didn't know any spells.
Your spell library contained the following spells:

 Spells                   Type           Power      Damage    Failure   Level
 Blink                    Tloc           N/A        N/A       100%        2
 Inner Flame              Hex/Fire       0%         N/A       100%        3
 Summon Guardian Golem    Hex/Summ       0%         N/A       100%        3
 Cause Fear               Hex            0%         N/A       100%        4
 Manifold Assault         Tloc           0%         N/A       100%        5
 Orb of Destruction       Conj           0%         N/A       100%        7
 Spellforged Servitor     Conj/Summ      0%         N/A       100%        7
 Storm Form               Tmut/Air       0%         N/A       100%        7
 Discord                  Hex            0%         N/A       100%        8


Dungeon Overview and Level Annotations

Branches:
Dungeon (3/15)

Altars:


Message History

You feel less confused. Something hits you but does no damage.
Your shield and scale mail prevent you from hitting something.
Something hits you but does no damage. Something hits you.
You hit something but do no damage. You block something's attack.
Unknown command.
You closely miss something. Something hits you. You block something's attack.
You closely miss something. Something hits you but does no damage.
You miss something. Something hits you. Something completely misses you.
You hit something but do no damage. Something hits you but does no damage.
You hit something.
Reactivating autopickup.
You feel a bit more experienced.
You have reached level 5!
You feel stronger.
You hit the orc.
The orc is severely wounded.
You block the orc's attack.
Your shield prevents you from hitting the orc.
The orc is severely wounded.
You block the orc's attack. The orc hits you with a +0 flail!
You barely miss the orc.
The orc is severely wounded.
The orc hits you with a +0 flail.
* * * LOW HITPOINT WARNING * * *
You closely miss the orc.
The orc is severely wounded.
You block the orc's attack. The orc closely misses you.
You slash the orc!
You kill the orc!
The orc barely misses you. x2
Unknown command.
You feel very mighty all of a sudden. The orc hits you but does no damage.
You block the orc's attack.
You barely miss the orc. The orc closely misses you.
The orc hits you with a +0 flail.
* * * LOW HITPOINT WARNING * * *
You closely miss the orc.
The orc hits you from afar with a +0 trident!
You die...

### #.. #.# #.#
#.# #o# #o# #@#
#.# #.# #.#
############
#.#####..........#
#....##.#######...
####.##.# #..#.
#.##.# #....
#.##.# #.#.#


You could see 2 orcs.

Vanquished Creatures
  An orc wizard (D:3)
  2 adders (D:2)
  A worm (D:2)
  4 dart slugs
  2 orcs (D:3)
  4 ball pythons
  7 endoplasms
  2 giant cockroaches
  8 goblins
  4 hobgoblins
  6 jackals
  4 quokkas
  6 bats
  2 frilled lizards (D:1)
  5 kobolds
  7 rats
65 creatures vanquished.

Notes
Turn   | Place    | Note
-------+----------+-------------------------------------------
     0 | D:1      | Kinoniko the Hill Orc Fighter began the quest for the Orb.
     0 | D:1      | Reached XP level 1. HP: 19/19 MP: 1/1
    51 | D:1      | Reached skill level 3 in Axes
   165 | D:1      | Reached XP level 2. HP: 26/26 MP: 2/2
   517 | D:1      | Reached skill level 4 in Axes
   520 | D:1      | Reached XP level 3. HP: 31/31 MP: 3/3
  1128 | D:2      | Reached XP level 4. HP: 39/39 MP: 4/4
  1366 | D:2      | Reached skill level 5 in Axes
  2667 | D:3      | Reached XP level 5. HP: 22/45 MP: 5/5
  2674 | D:3      | Slain by an orc

Illustrated notes

Levels and vault maps discovered:
D:1:      matt_arrival_grand_opening, layout_basic
D:2:      layout_loops_ring
D:3:      layout_loops_ring, amcnicky_altar_gilded, uniq_terence

Skill      XL: |  1  2  3  4 |
---------------+-------------+-----
Axes           | 3 4 5 |  5.8
Shields        | 4 |  4.4
Fighting       | |  3.6
Armour         | |  3.2

Action                   |  1- 3 |  4- 6 || total
-------------------------+-------+-------++-------
Melee: War axe           |    93 |   115 ||   208
  Use: Potion            |       |     1 ||     1
Armor: Scale mail        |    44 |    45 ||    89
Dodge: Dodged            |    31 |    36 ||    67
Block: Kite shield       |    44 |    51 ||    95
